 Dungeon Crawl Stone Soup version 0.24.0-123-gd5b16e6ec5 (webtiles) character file.

Game seed: 1657899192540510812, levelgen mode: deterministic

2949 Delamore the Severer (level 9, -2/70 HPs)
             Began as a Hill Orc Fighter on Dec 16, 2019.
             Was an Elder of Sif Muna.
             Slain by a two-headed ogre
             ... wielding a +0 giant club
              (19 damage)
             ... on level 8 of the Dungeon.
             The game lasted 00:08:45 (8040 turns).

Delamore the Severer (Hill Orc Fighter)             Turns: 8040, Time: 00:08:45

Health: -2/70      AC: 12    Str: 27    XL:     9   Next: 81%
Magic:  9/9        EV:  4    Int:  8    God:    Sif Muna [****..]
Gold:   410        SH: 10    Dex: 10    Spells: 8/8 levels left

rFire    . . .     SeeInvis .   G - +0 war axe (curse)
rCold    . . .     Gourm    .   c - +0 shield
rNeg     . . .     Faith    .   K - +0 plate armour
rPois    .         Spirit   .   (no helmet)
rElec    .         Reflect  .   (no cloak)
rCorr    +         Harm     .   D - +0 pair of gloves
MR       .....                  (no boots)
Stlth    ..........             (no amulet)
HPRegen  0.21/turn              (no ring)
MPRegen  0.11/turn              w - ring of resist corrosion

@: mighty
A: no striking features
a: Channel Magic, Forget Spell, Divine Exegesis, Renounce Religion


You were on level 8 of the Dungeon.
You worshipped Sif Muna.
Sif Muna was greatly pleased with you.
You were not hungry.

You visited 2 branches of the dungeon, and saw 9 of its levels.
You also visited: Ossuary.

You collected 410 gold pieces.

Inventory:

Hand Weapons
 a - a +0 war axe
 G - a cursed +0 war axe (weapon)
Missiles
 i - 12 boomerangs (quivered)
Armour
 b - a +0 scale mail
 c - a +0 shield (worn)
 D - a +0 pair of gloves (worn)
 K - a +0 plate armour (worn)
Jewellery
 w - a ring of resist corrosion (right hand)
 H - an uncursed ring of ice
Wands
 l - a wand of iceblast (3)
 E - a wand of acid (17)
 F - a wand of enslavement (3)
Scrolls
 e - a scroll of noise
 h - 3 scrolls of teleportation
 k - 2 scrolls of immolation
 m - 7 scrolls of remove curse
 p - 2 scrolls of fog
 q - a scroll of enchant armour
 r - a scroll of amnesia
 u - a scroll of fear
 v - 2 scrolls of random uselessness
 y - 2 scrolls of silence
 z - a scroll of blinking
 I - 2 scrolls of enchant weapon
Potions
 d - 2 potions of might
 g - 2 potions of ambrosia {unknown}
 j - 3 potions of curing {unknown}
 n - 2 potions of berserk rage
 s - 2 potions of invisibility
 t - a potion of lignification
 A - a potion of heal wounds
 B - 2 potions of mutation
 J - a potion of agility
 L - a potion of haste
Comestibles
 f - 16 rations


   Skills:
 - Level 3.6 Fighting
 + Level 16.2 Axes
 - Level 3.2 Armour
 - Level 3.2 Shields


You had 8 spell levels left.
You didn't know any spells.
Your spell library contained the following spells:

 Spells                   Type           Power        Failure   Level  Hunger
 Beastly Appendage        Tmut           #.....       100%        1    ##.....
 Freeze                   Ice            #...         100%        1    ##.....
 Summon Small Mammal      Summ           #...         100%        1    ##.....
 Sticks to Snakes         Tmut           #.......     100%        2    ###....
 Throw Frost              Conj/Ice       #.....       100%        2    ###....
 Ozocubu's Armour         Chrm/Ice       #.......     100%        3    ####...
 Spider Form              Tmut/Pois      #.........   100%        3    ####...
 Summon Guardian Golem    Hex/Summ       #.......     100%        3    ####...
 Ice Form                 Ice/Tmut       #.......     100%        4    #####..
 Summon Ice Beast         Ice/Summ       #.......     100%        4    #####..
 Throw Icicle             Conj/Ice       #.......     100%        4    #####..
 Blade Hands              Tmut           #.........   100%        5    ######.
 Bolt of Fire             Conj/Fire      #.........   100%        6    #######


Dungeon Overview and Level Annotations

Branches:
Dungeon (8/15)             Temple (1/1) D:7         Ossuary (visited)
   Lair: D:8-11

Altars:
Ashenzari
Cheibriados
Dithmenos
Elyvilon
Fedhas
Hepliaklqana
Kikubaaqudgha
Makhleb
Nemelex Xobeh
Qazlal
Ru
Sif Muna
Trog
Uskayaw
Vehumet
Wu Jian
Xom
Yredelemnul
Zin
The Shining One


Message History

You barely miss the two-headed ogre.
The two-headed ogre hits you with a +0 giant club. x2
You are too injured to fight recklessly!
You are too injured to fight recklessly!
You are too injured to fight recklessly!
You are too injured to fight recklessly!
You are too injured to fight recklessly!
You are too injured to fight recklessly!
You are too injured to fight recklessly!
You are too injured to fight recklessly!
You are too injured to fight recklessly!
You feel very mighty all of a sudden. The two-headed ogre barely misses you.
The two-headed ogre hits you with a +0 giant club!
You slice the two-headed ogre!!
The two-headed ogre is heavily wounded.
The two-headed ogre hits you with a +0 giant club!
* * * LOW HITPOINT WARNING * * *
The two-headed ogre hits you with a +0 giant club!!
You die...

#.# #.# .. #.## #'#
#..# #.### ##.# #...
#####.##### ##.##
#.........###...###.#
#.###.###.#..........
#.....@O#...###.
#####.####.##
.#######.# ##...#
.........# ####
##########


You could see a two-headed ogre.

Vanquished Creatures
  3 hippogriffs
  2 phantoms
  A sky beast (D:6)
  A black bear (D:7)
  2 ogres
  5 centaurs
  An elf zombie (Ossuary)
  2 bullfrogs
  3 scorpions
  A howler monkey (D:4)
  2 crimson imps
  A centaur zombie (Ossuary)
  A quasit (D:5)
  4 human zombies (Ossuary)
  An orc priest (D:5)
  A gnoll shaman (D:6)
  2 hounds
  6 orc wizards
  A bullfrog skeleton (D:6)
  4 worker ants
  A big kobold zombie (Ossuary)
  2 hound zombies
  3 mummies (Ossuary)
  17 gnolls
  6 adders
  A howler monkey skeleton (D:7)
  A shadow imp (D:5)
  An adder zombie (Ossuary)
  4 worms
  3 dart slugs
  5 leopard geckos
  19 orcs
  6 bats
  A giant cockroach (D:5)
  A gnoll zombie (Ossuary)
  10 goblins
  2 hobgoblins
  5 jackals
  5 kobolds (D:3)
  3 quokkas (D:3)
  2 ball pythons (D:4)
  4 frilled lizards
  8 goblin zombies (Ossuary)
  5 hobgoblin zombies (Ossuary)
  6 jackal zombies
  A kobold zombie (Ossuary)
  A quokka zombie (Ossuary)
  10 rats
  5 rat zombies (Ossuary)
182 creatures vanquished.

Notes
Turn   | Place    | Note
-------+----------+-------------------------------------------
     0 | D:1      | Delamore the Hill Orc Fighter began the quest for the Orb.
     0 | D:1      | Reached XP level 1. HP: 19/19 MP: 1/1
   132 | D:1      | Reached skill level 3 in Axes
   151 | D:1      | Reached XP level 2. HP: 15/26 MP: 2/2
   306 | D:1      | Reached skill level 4 in Axes
   922 | D:2      | Reached XP level 3. HP: 23/31 MP: 3/3
  1209 | D:2      | Reached skill level 5 in Axes
  1216 | D:2      | Found a snail-covered altar of Cheibriados.
  1564 | D:3      | Reached skill level 6 in Axes
  1564 | D:3      | Reached XP level 4. HP: 25/39 MP: 4/4
  2016 | D:3      | Reached XP level 5. HP: 44/45 MP: 5/5
  2163 | D:3      | Found a faded altar of an unknown god.
  2230 | D:3      | Became a worshipper of Sif Muna the Loreminder
  2230 | D:3      | Reached * piety under Sif Muna
  2774 | D:4      | Reached skill level 7 in Axes
  3181 | D:4      | Reached skill level 8 in Axes
  3181 | D:4      | Reached XP level 6. HP: 50/51 MP: 6/6
  3282 | D:4      | Reached ** piety under Sif Muna
  3286 | D:4      | Reached skill level 9 in Axes
  3376 | D:4      | Noticed a phantom
  3415 | D:4      | Killed a phantom
  3415 | D:4      | Reached XP level 7. HP: 30/57 MP: 7/7
  3730 | D:3      | Reached skill level 10 in Axes
  3981 | D:4      | Found a white marble altar of Elyvilon.
  4630 | D:5      | Entered Level 5 of the Dungeon
  4637 | D:5      | Found a basalt altar of Yredelemnul.
  4637 | D:5      | Found a shattered altar of Ashenzari.
  4646 | D:5      | Reached skill level 11 in Axes
  5024 | D:5      | Reached XP level 8. HP: 64/64 MP: 8/8
  5092 | D:5      | Found a transporter.
  5120 | D:5      | Found a transporter.
  5186 | D:5      | Found a sand-covered staircase.
  5191 | Ossuary  | Entered an ossuary
  5291 | Ossuary  | Reached skill level 12 in Axes
  5520 | Ossuary  | Reached *** piety under Sif Muna
  6280 | D:6      | Found a shadowy altar of Dithmenos.
  6282 | D:6      | Found a blossoming altar of Fedhas.
  6295 | D:6      | Reached skill level 13 in Axes
  6535 | D:6      | Found a hazy altar of Hepliaklqana.
  6719 | D:6      | Reached skill level 14 in Axes
  6719 | D:6      | Reached XP level 9. HP: 70/70 MP: 9/9
  7323 | D:7      | Found a staircase to the Ecumenical Temple.
  7333 | Temple   | Entered the Ecumenical Temple
  7426 | D:7      | Found a sparkling altar of Nemelex Xobeh.
  7508 | D:7      | Identified the Catalogue of Fiery Calling
  7612 | D:7      | Reached skill level 15 in Axes
  7789 | D:8      | Reached **** piety under Sif Muna
  7791 | D:8      | Reached skill level 16 in Axes
  8027 | D:8      | Noticed a two-headed ogre
  8040 | D:8      | Slain by a two-headed ogre

Levels and vault maps discovered:
D:1:      evilmike_arrival_rings, layout_loops_ring, minmay_misc_feat_iff
D:2:      layout_basic, kennysheep_slug_shrine
D:3:      layout_basic, serial_co_window_serial, co_window_corner_a,
          co_window_paths_a, co_window_corner_a, co_window_paths_a,
          co_window_corner_a, co_window_unsneaky_path_d,
          co_window_of_opportunity_b, co_window_2corner, co_window_sun,
          glass_columns_b, chequers_ecumenical_altar_twisty
D:4:      minmay_wonky_spiral, layout_cave_pods, elyvilon_altar_1, first_ration
D:5:      gammafunk_wand_slinger, layout_rooms, gammafunk_temple_overflow_pools,
          enter_ossuary_2
D:6:      layout_basic, kennysheep_mini_moat,
          chequers_temple_overflow_statue_of_worship
D:7:      layout_rooms, lemuel_crystal_altar, minmay_temple_entry_arrows,
          serial_curves, eino_curves_02, eino_curves_04
D:8:      layout_loops_corners
Temple:   nicolae_temple_x_marks_the_god

Skill      XL: |  1  2  3  4  5  6  7  8  9 |
---------------+----------------------------+-----
Axes           | 3 4 6 8 9 11 14 16 | 16.2
Fighting       | |  3.6
Armour         | |  3.2
Shields        | |  3.2

Action                   |  1- 3 |  4- 6 |  7- 9 || total
-------------------------+-------+-------+-------++-------
Melee: War axe           |   101 |   173 |   380 ||   654
Throw: Boomerang         |     2 |       |       ||     2
Evoke: Wand              |       |       |     2 ||     2
  Use: Scroll            |       |       |    19 ||    19
       Potion            |       |       |     1 ||     1
  Eat: Chunk             |     2 |     6 |    12 ||    20
       Ration            |       |       |     1 ||     1
Armor: Scale mail        |    49 |    75 |   111 ||   235
       Plate armour      |       |       |    40 ||    40
Dodge: Dodged            |    33 |    58 |   102 ||   193
Block: Shield            |    54 |    82 |   172 ||   308
